 Dungeon Crawl Stone Soup version 0.29.1-15-g9cfb28693d (webtiles) character file.

Game seed: 17720684278145559429

84 leafyfresh the Sneak (level 4, -6/33 HPs)
             Began as an Octopode Delver on Mar 4, 2023.
             Mangled by an orc
             ... wielding a +0 war axe
              (9 damage)
             ... on level 3 of the Dungeon.
             The game lasted 00:01:10 (1008 turns).

leafyfresh the Sneak (Octopode Delver)              Turns: 1008, Time: 00:01:11

Health: -6/33      AC:  1    Str: 11    XL:     4   Next: 45%
Magic:  4/4        EV: 13    Int: 14    God:
Gold:   67         SH:  0    Dex: 13    Spells: 3/3 levels left

rFire   . . .      SeeInvis .   a - +0 short sword
rCold   . . .      Faith    .   (no shield)
rNeg    . . .      Spirit   .   (helmet restricted)
rPois   .          Reflect  .   (no amulet)
rElec   .          Harm     .   (no ring)
rCorr   .          Rampage  .   (no ring)
Will    .....                   (no ring)
Stlth   ++++......              (no ring)
HPRegen 0.11/turn               (no ring)
MPRegen 0.09/turn               (no ring)
                                (no ring)
                                (no ring)

@: no status effects
A: almost no armour, amphibious, 8 rings, camouflage 1, gelatinous body 1,
(nimble swimmer 1), tentacles
a: no special abilities


You were on level 3 of the Dungeon.
You visited 1 branch of the dungeon, and saw 3 of its levels.

You collected 67 gold pieces.

Inventory:

Hand Weapons
 a - a +0 short sword (weapon)
Wands
 f - a wand of digging (3)
Scrolls
 b - a scroll of fog
 c - a scroll of magic mapping
 d - 2 scrolls of fear
 g - a scroll of teleportation {unknown}
Potions
 e - a potion of haste
 h - a potion of ambrosia {unknown}


   Skills:
 + Level 3.8 Fighting
 - Level 2.0 Short Blades
 + Level 3.0 Dodging
 + Level 7.4 Stealth


You had 3 spell levels left.
You didn't know any spells.
Your spell library was empty.

Dungeon Overview and Level Annotations

Branches:
Dungeon (5/15)
 Temple: D:4-7

Altars:

Annotations:
D:4 3 runed translucent doors, phaet's ghost, amateur GnWn


Innate Abilities, Weirdness & Mutations

You cannot wear most types of armour.
You are amphibious.
You can wear up to eight rings at the same time.
Your skin changes colour to match your surroundings (Stealth+).
Your rubbery body absorbs attacks. (AC +1, EV +1)
((You are camouflaged when in or above water. (Stealth+)))
You have tentacles for arms and can constrict up to eight enemies at once.


Message History

No reachable target in view!
Could not explore, unopened runed door.
No reachable target in view!
There is an open door here.
You see here a +0 robe.
There is a stone staircase leading up here.
You climb upwards.
Found an ivory wand.
There is a stone staircase leading down here.
There are monsters nearby!
The helpless orc fails to defend itself.
You impale the orc!!
You kill the orc!
There are monsters nearby!
Found 6 stones.
The orc shouts! x3
The orc closely misses you. x2; The orc misses you.
You hear a shout!
You see here a +0 flail.
You hit the orc. Your grab misses the orc.
The orc is moderately wounded.
The orc hits you with a +0 whip. The orc hits you with a +0 flail.
The orc hits you with a +0 war axe. The orc hits you with a +0 mace.
You barely miss the orc. You grab the orc. Your squeeze misses the orc.
The orc is moderately wounded.
You constrict the orc. The orc hits you with a +0 whip.
The orc hits you with a +0 war axe!
* * * LOW HITPOINT WARNING * * *
The orc barely misses you. The orc completely misses you.
You are too injured to fight recklessly!
Unknown command.
You hit the orc.
You kill the orc!
The orc barely misses you. The orc closely misses you.
A kobold comes into view. It is wielding a +0 dagger.
The orc completely misses you.
You hit the orc. You grab the orc. You squeeze the orc.
You kill the orc!
The orc hits you with a +0 war axe!
You die...

#.##
(K.#
#..#
#..#
...#
#..#
#))###
##@o..#
+>.o#.#
#/#.#
#.#.#
#.#.#
#.#..
#.###
#.# #.#


You could see 2 orcs and a kobold.

Vanquished Creatures
  Blork the orc (D:5)
  4 orcs
  An endoplasm (D:4)
  3 giant cockroaches (D:4)
  A goblin (D:4)
  A hobgoblin (D:4)
  2 quokkas (D:4)
  A ball python (D:4)
14 creatures vanquished.

Notes
Turn   | Place    | Note
-------+----------+-------------------------------------------
     0 | D:5      | leafyfresh the Octopode Delver began the quest for the Orb.
     0 | D:5      | Reached XP level 1. HP: 16/16 MP: 1/1
    55 | D:5      | Noticed Blork the orc
    68 | D:5      | Killed Blork the orc
    69 | D:5      | Reached skill level 7 in Stealth
    69 | D:5      | Reached XP level 2. HP: 3/22 MP: 2/2
    69 | D:5      | Reached XP level 3. HP: 4/27 MP: 3/3
    69 | D:5      | Reached XP level 4. HP: 5/33 MP: 4/4
   219 | D:5      | Noticed an ogre
   767 | D:4      | Found a runed translucent gate.
   767 | D:4      | Found a runed translucent gate.
   767 | D:4      | Found a runed translucent gate.
   768 | D:4      | Noticed phaet's ghost (amateur GnWn)
  1008 | D:3      | Mangled by an orc

Illustrated notes

Levels and vault maps discovered:
D:3:      layout_basic, uniq_grinder
D:4:      layout_basic, gammafunk_ghost_necromancy
D:5:      layout_basic, portal_sewer_entry_b, nicolae_shop_sticking_my_neck_out,
          uniq_blork_the_orc, uniq_eustachio

Skill      XL: |  1  2  3  4 |
---------------+-------------+-----
Stealth        | 7 |  7.4
Dodging        | 3 |  3.0
Fighting       | |  3.8
Short Blades   | |  2.0

Action                   |  1- 3 |  4- 6 || total
-------------------------+-------+-------++-------
Melee: Short sword       |     8 |    27 ||    35
       Tentacles         |     2 |     3 ||     5
       Constrict         |     1 |     8 ||     9
 Stab: Sleeping          |       |     4 ||     4
Armor: Skin              |       |     2 ||     2
Dodge: Dodged            |     3 |    23 ||    26
